 Dungeon Crawl Stone Soup version 0.31-a0-232-gb1c03b2570 (webtiles) character file.

Game seed: 9849761864203536635

12153 qw the Marksgargoyle (level 11, -8/72 HPs)
             Began as a Gargoyle Hexslinger on July 7, 2023.
             Was a Believer of Okawaru.
             Mangled by a komodo dragon (15 damage)
             ... on level 10 of the Dungeon.
             The game lasted 00:04:15 (8328 turns).

qw the Marksgargoyle (Gargoyle Hexslinger)          Turns: 8328, Time: 00:04:16

Health: -8/72      AC: 21    Str: 12    XL:     11   Next: 88%
Magic:  14/14      EV: 16    Int: 21    God:    Okawaru [**....]
Gold:   366        SH:  0    Dex: 16    Spells: 11/12 levels left

rFire   + . .        Y - +1 arbalest
rCold   . . .        (shield currently unavailable)
rNeg    + + .        p - +2 leather armour {rF+}
rPois   inf          (no helmet)
rElec   +            l - +0 cloak
rCorr   .            n - +2 pair of gloves of the Storm King {Int+7}
SInv    .            g - +1 pair of boots
Will    .....        i - amulet of regeneration
Stlth   +++          d - ring of positive energy
HPRegen 1.12/turn    (no ring)
MPRegen 0.14/turn

%: no passive effects
@: about to teleport, heroic
A: sickness immunity, AC +8, negative energy resistance 1, electricity
resistance, torment resistance 1, petrification resistance
a: Renounce Religion, Heroism


You were on level 10 of the Dungeon.
You worshipped Okawaru.
Okawaru was pleased with you.
You visited 2 branches of the dungeon, and saw 11 of its levels.
You also visited: Sewer.

You collected 597 gold pieces.
You spent 231 gold pieces at shops.


Innate Abilities, Weirdness & Mutations

You are immune to sickness and miasma.
Your stone body is resilient. (AC +8)
You are immune to poison.
You resist negative energy. (rN+)
You are resistant to electric shocks. (rElec)
You are resistant to unholy torment.
You are immune to petrification.


   Skills:
 - Level 10.1(15.1) Fighting
 - Level 15.0(20.0) Ranged Weapons
 - Level 4.0(9.0) Armour
 + Level 4.2(9.2) Dodging
 - Level 1.0 Spellcasting
 - Level 2.6 Hexes
 - Level 4.2 Invocations


You had 11 spell levels left.
You knew the following spells:

 Your Spells              Type           Power      Damage    Failure   Level
a - Slow                  Hex            48%        N/A       7%          1

Your spell library contained the following spells:

 Spells                   Type           Power      Damage    Failure   Level
 Inner Flame              Hex/Fire       6%         N/A       34%         3
 Portal Projectile        Hex/Tloc       12%        N/A       34%         3
 Cause Fear               Hex            6%         N/A       54%         4

Inventory:

Hand Weapons
 Y - a +1 arbalest (weapon)
Armour
 f - +0 swamp dragon scales
 g - a +1 pair of boots (worn)
 l - a +0 cloak (worn)
 n - the +2 pair of gloves of the Storm King (worn) {Int+7}
   (You found it on level 4 of the Dungeon)

   Int:       It affects your intelligence (+7).
 p - a +2 leather armour of fire resistance (worn)
Jewellery
 d - a ring of positive energy (left hand)
 i - an amulet of regeneration (around neck)
Scrolls
 b - 3 scrolls of identify
Potions
 c - a potion of haste
 e - a potion of magic
 h - a potion of heal wounds {unknown}
 j - 6 potions of enlightenment
 m - a potion of curing
 o - 2 potions of mutation

Dungeon Overview and Level Annotations

Branches:
Dungeon (10/15)            Temple (1/1) D:4            Lair (0/5) D:10
  Sewer (visited)
    Orc: D:9-12

Altars:
Ashenzari
Cheibriados
Dithmenos
Elyvilon
Fedhas
Gozag
Hepliaklqana
Kikubaaqudgha
Nemelex Xobeh
Okawaru
Qazlal
Ru
Sif Muna
Trog
Uskayaw
Vehumet
Wu Jian
Xom
Yredelemnul
Zin
The Shining One

Shops:
D:3 [   D:4 [   D:8 [

Annotations:
D:3 1 runed translucent door, Crazy Yiuf
D:9 3 runed translucent doors, qw's ghost, journeyman GrFi


Message History

The bolt hits the yak!
The yak is almost dead.
The yak closely misses you. The komodo dragon barely misses you.
You shoot a bolt. The bolt hits the yak!!
You kill the yak!
Okawaru accepts your kill.
The komodo dragon bites you but does no damage.
You shoot a bolt. The bolt completely misses the yak.
A yak comes into view.
The yak barely misses you.
The komodo dragon bites you but does no damage.
You shoot a bolt. The bolt hits the yak.
The yak is heavily wounded.
A yak comes into view.
The yak gores you but does no damage. The komodo dragon bites you!
You shoot a bolt.
The bolt hits the yak but does no damage.
The yak is heavily wounded.
The yak barely misses you.
The komodo dragon bites you but does no damage.
You shoot a bolt. The bolt hits the yak!
The yak is severely wounded.
The yak misses you. x2; The komodo dragon closely misses you.
You shoot a bolt.
The bolt hits the yak but does no damage.
The yak is severely wounded.
The yak gores you! x2
The komodo dragon bites you but does no damage.
8326 ||| READING scroll of teleportation.
As you read the scroll of teleportation, it crumbles to dust.
You feel strangely unstable. The yak misses you. x2
The komodo dragon bites you but does no damage.
You shoot a bolt. The bolt completely misses the yak.
The bolt hits the yak!
The yak is heavily wounded.
The yak gores you. The yak gores you! The komodo dragon bites you.
You shoot a bolt. The bolt hits the yak.
The yak is severely wounded.
The yak misses you. The yak barely misses you. The komodo dragon bites you!
You die...

...<........# ..###.......#..
.... . ##.#.#..../.# .....
##...## ... ..##... ##P....## .
..#.. #PP.....# ..... #PPP....#
#...## #PPPP.lK[.....#.#..###
...
#..P...P.)...##@#..#.#####...
#PP..P.......YlYYY..........#
#PP..PP......YYY....)......# #.
#P.>.PP...........)).......##..
#P...PP.#..........)......##...
#PP.PPP.#...........).........#
#.###.......#..).....## #.
#.......#.))......#
.......##..))......#


You could see a komodo dragon and 7 yaks.

Vanquished Creatures
  Erica (D:9)
  Pikel (D:8)
  2 vault sentinels (D:6)
  Joseph (D:9)
  Maggie (D:9)
  A kobold demonologist (D:10)
  Prince Ribbit (D:7)
  Sigmund (D:6)
  A wyvern (D:7)
  4 yaks
  Eustachio (D:4)
  2 steam dragons (D:6)
  An acid dragon (D:10)
  2 ice beasts (D:6)
  4 orc warriors
  3 sky beasts (D:7)
  3 black bears
  An ogre (D:7)
  A lemure (D:8)
  2 kobold brigands
  4 bullfrogs
  2 gnoll sergeants (D:9)
  A scorpion (D:5)
  9 wights
  6 killer bees (D:9)
  3 howler monkeys
  3 hounds
  A jelly (D:7)
  12 orc priests
  3 sleepcaps
  Terence (D:3)
  Natasha (thrice) (D:3)
  5 iguanas
  9 orc wizards
  14 gnolls
  3 river rats (Sewer)
  14 adders
  A white imp (D:6)
  3 ufetubi
  8 worms
  A dart slug (D:3)
  44 orcs
  10 endoplasms
  3 giant cockroaches
  3 goblins
  6 hobgoblins
  6 jackals (Sewer)
  23 kobolds
  2 quokkas (Sewer)
  16 ball pythons
  14 bats
  6 frilled lizards
  7 rats
280 creatures vanquished.

Notes
Turn   | Place    | Note
-------+----------+-------------------------------------------
     0 | D:1      | qw the Gargoyle Hexslinger began the quest for the Orb.
     0 | D:1      | Reached XP level 1. HP: 12/12 MP: 2/2
     0 | D:1      | 0 ||| qw: Version: 0.3-a-46-gb1f654a
     0 | D:1      | 0 ||| qw: Game counter: 2616
     0 | D:1      | 0 ||| qw: Melee chars always use a shield: true
     0 | D:1      | 0 ||| qw: God list: Okawaru
     0 | D:1      | 0 ||| qw: Allow faded altars: false
     0 | D:1      | 0 ||| qw: Do Orc after clearing Dungeon:15 true
     0 | D:1      | 0 ||| qw: Do second Lair branch before Depths: true
     0 | D:1      | 0 ||| qw: Lair rune preference: random
     0 | D:1      | 0 ||| qw: Goals: Normal
     0 | D:1      | 0 ||| PLANNING D:1-11
    48 | D:1      | Reached XP level 2. HP: 16/16 MP: 3/3
   143 | D:1      | Reached skill level 3 in Ranged Weapons
   284 | D:1      | Reached XP level 3. HP: 16/21 MP: 4/4
   539 | D:1      | 539 ||| UPGRADING to +0 leather armour.
   549 | D:1      | 549 ||| DROPPING +0 robe.
   550 | D:1      | 550 ||| UPGRADING to amulet of regeneration.
   555 | D:1      | 555 ||| READING scroll labelled GOHIDYW UNO.
   558 | D:1      | 558 ||| READING scroll labelled SUXTOSOOTI.
   559 | D:1      | 559 ||| READING scroll labelled WIV HACO CEKOV.
   560 | D:1      | 560 ||| DROPPING scroll of poison.
   776 | D:2      | Reached XP level 4. HP: 26/26 MP: 5/5
   883 | D:2      | Reached skill level 4 in Ranged Weapons
  1262 | D:2      | 1262 ||| UPGRADING to +0 ring mail.
  1272 | D:2      | 1272 ||| DROPPING +0 leather armour.
  1273 | D:2      | 1273 ||| READING scroll labelled PIEGGE YCHIFOT.
  1274 | D:2      | 1274 ||| READING 2 scrolls of identify.
  1274 | D:2      | 1274 ||| IDENTIFYING yellow potion
  1291 | D:3      | 1291 ||| PLANNING SEWER
  1330 | D:3      | Found a radiant altar of Vehumet.
  1355 | D:3      | Found Defrohun's Armour Emporium.
  1369 | D:3      | 1369 ||| BUYING +0 pair of boots (58 gold).
  1369 | D:3      | Bought a +0 pair of boots for 58 gold pieces
  1418 | D:3      | 1418 ||| SWAPPING to +0 arbalest.
  1419 | D:3      | 1419 ||| DROPPING +2 sling.
  1441 | D:3      | Reached skill level 1 in Armour
  1592 | D:3      | Noticed Terence
  1594 | D:3      | Killed Terence
  1612 | D:3      | Found a runed translucent door.
  1613 | D:3      | Noticed Crazy Yiuf
  1715 | D:3      | Reached XP level 5. HP: 29/30 MP: 6/6
  1723 | D:3      | Found a glowing drain.
  1730 | D:3      | 1730 ||| UPGRADING to +0 pair of boots.
  1740 | Sewer    | Entered a sewer
  1780 | Sewer    | Reached skill level 5 in Ranged Weapons
  1876 | Sewer    | 1876 ||| Stepping ~*~*~tactically~*~*~ (water).
  1878 | Sewer    | 1878 ||| Stepping ~*~*~tactically~*~*~ (water).
  1974 | Sewer    | Reached skill level 3 in Fighting
  2032 | Sewer    | Reached XP level 6. HP: 37/37 MP: 7/7
  2092 | Sewer    | 2092 ||| Stepping ~*~*~tactically~*~*~ (water).
  2300 | Sewer    | 2300 ||| READING 2 scrolls labelled MUCKA LISIUG.
  2301 | Sewer    | 2301 ||| READING scroll labelled LYDESI XISA.
  2302 | Sewer    | 2302 ||| READING 2 scrolls labelled NEANUS OCETUHO.
  2303 | Sewer    | 2303 ||| READING scroll labelled SUITRUFOEKH.
  2304 | Sewer    | 2304 ||| DROPPING scroll of fear.
  2305 | Sewer    | 2305 ||| DROPPING scroll of amnesia.
  2328 | D:3      | 2328 ||| PLANNING D:1-11
  2398 | D:3      | Noticed Natasha
  2402 | D:3      | Killed Natasha
  2542 | D:3      | Noticed Natasha
  2550 | D:3      | Killed Natasha
  2750 | D:3      | Noticed Natasha
  2752 | D:3      | Killed Natasha
  2753 | D:3      | Reached skill level 6 in Ranged Weapons
  2779 | D:3      | 2779 ||| DRINKING 2 smoky yellow potions.
  2911 | D:4      | Found a staircase to the Ecumenical Temple.
  2912 | D:4      | 2912 ||| PLANNING TEMPLE
  2912 | D:4      | 2912 ||| READING 2 scrolls of identify.
  2912 | D:4      | 2912 ||| IDENTIFYING green potion
  2913 | D:4      | 2913 ||| DROPPING potion of berserk rage.
  2922 | Temple   | Entered the Ecumenical Temple
  2934 | Temple   | 2934 ||| PLANNING OKAWARU WORSHIP
  3158 | Temple   | Became a worshipper of Warmaster Okawaru
  3159 | Temple   | 3159 ||| PLANNING D:1-11
  3262 | D:4      | Found a bloodstained altar of Trog.
  3277 | D:4      | Found a hazy altar of Hepliaklqana.
  3287 | D:4      | Found a broken altar of Ashenzari.
  3288 | D:4      | Found a shimmering altar of Xom.
  3292 | D:4      | Found a blossoming altar of Fedhas.
  3373 | D:4      | Noticed Eustachio
  3387 | D:4      | Killed Eustachio
  3388 | D:4      | Reached XP level 7. HP: 29/44 MP: 8/8
  3449 | D:4      | Identified the +2 pair of gloves of the Storm King {Int+7}
  3547 | D:4      | Found Caukhlib's Antique Armour Emporium.
  3550 | D:4      | 3550 ||| BUYING glowing leather armour (110 gold).
  3550 | D:4      | Bought a glowing leather armour for 110 gold pieces
  3550 | D:4      | 3550 ||| SHOPLISTING pair of glowing gloves (165 gold, have
                  | 56).
  3550 | D:4      | 3550 ||| SHOPLISTING runed robe (81 gold, have 56).
  3673 | D:4      | 3673 ||| UPGRADING to +2 pair of gloves of the Storm King
                  | {Int+7}.
  3678 | D:4      | 3678 ||| UPGRADING to +2 leather armour of fire resistance.
  3688 | D:4      | 3688 ||| DROPPING +0 ring mail.
  3689 | D:4      | 3689 ||| DROPPING +6 ring of intelligence.
  3690 | D:4      | 3690 ||| READING scroll labelled NAOPPIL WERI.
  3791 | D:4      | 3791 ||| READING scroll labelled PITEVV LAFUA.
  3792 | D:4      | 3792 ||| READING 2 scrolls of identify.
  3792 | D:4      | 3792 ||| IDENTIFYING amethyst potion
  3793 | D:4      | 3793 ||| DROPPING potion of brilliance.
  3807 | D:5      | Entered Level 5 of the Dungeon
  3818 | D:5      | 3818 ||| STAIRDANCE
  3834 | D:4      | 3834 ||| DRINKING 3 potions of curing.
  3834 | D:4      | 3834 ||| (to cure confusion)
  3836 | D:4      | Reached * piety under Okawaru
  3841 | D:5      | 3841 ||| STAIRDANCE
  3843 | D:4      | 3843 ||| DRINKING 2 potions of curing.
  3843 | D:4      | 3843 ||| (to cure confusion)
  3865 | D:5      | Reached skill level 1 in Invocations
  3915 | D:5      | 3915 ||| DRINKING potion of curing.
  3915 | D:5      | 3915 ||| (to cure confusion)
  3931 | D:5      | HP: 11/44 [ufetubus (2)]
  3934 | D:5      | 3934 ||| INVOKING Heroism.
  3936 | D:5      | 3936 ||| READING scroll of teleportation.
  3936 | D:5      | HP: 7/44 [something (4)]
  3941 | D:5      | 3941 ||| FLEEEEING.
  3942 | D:5      | 3942 ||| STAIRDANCE
  3942 | D:5      | HP: 9/44 [ufetubus (1)]
  3947 | D:4      | 3947 ||| INVOKING Heroism.
  3975 | D:4      | 3975 ||| READING 2 scrolls of identify.
  3975 | D:4      | 3975 ||| IDENTIFYING puce potion
  3976 | D:4      | 3976 ||| DROPPING potion of attraction.
  3986 | D:5      | Reached skill level 7 in Ranged Weapons
  4028 | D:5      | Reached XP level 8. HP: 48/49 MP: 9/9
  4177 | D:5      | Reached skill level 3 in Invocations
  4223 | D:5      | 4223 ||| INVOKING Heroism.
  4502 | D:5      | 4502 ||| UPGRADING to ring of positive energy.
  4503 | D:5      | 4503 ||| READING 4 scrolls of identify.
  4503 | D:5      | 4503 ||| IDENTIFYING viscous orange potion
  4555 | D:6      | 4555 ||| INVOKING Heroism.
  4564 | D:6      | 4564 ||| STAIRDANCE
  4566 | D:5      | 4566 ||| INVOKING Heroism.
  4665 | D:6      | 4665 ||| INVOKING Heroism.
  4694 | D:6      | Noticed Sigmund
  4695 | D:6      | 4695 ||| INVOKING Heroism.
  4701 | D:6      | Killed Sigmund
  4702 | D:6      | Reached skill level 8 in Ranged Weapons
  4854 | D:6      | 4854 ||| Stepping ~*~*~tactically~*~*~ (outnumbered).
  4857 | D:6      | 4857 ||| INVOKING Heroism.
  4866 | D:6      | Reached skill level 9 in Ranged Weapons
  4866 | D:6      | Reached XP level 9. HP: 35/54 MP: 10/12
  5200 | D:6      | 5200 ||| INVOKING Heroism.
  5205 | D:6      | Reached skill level 6 in Fighting
  5225 | D:6      | 5225 ||| INVOKING Heroism.
  5381 | D:6      | 5381 ||| READING scroll labelled UXZUHEN ETEZU.
  5382 | D:6      | 5382 ||| READING scroll labelled GIDGHE TAHALA.
  5383 | D:6      | 5383 ||| READING 4 scrolls of identify.
  5383 | D:6      | 5383 ||| IDENTIFYING silvery potion
  5384 | D:6      | 5384 ||| DROPPING potion of ambrosia.
  5422 | D:7      | 5422 ||| INVOKING Heroism.
  5447 | D:7      | Noticed Prince Ribbit
  5448 | D:7      | 5448 ||| INVOKING Heroism.
  5464 | D:7      | Killed Prince Ribbit
  5465 | D:7      | Reached skill level 10 in Ranged Weapons
  5573 | D:7      | 5573 ||| INVOKING Heroism.
  5576 | D:7      | Reached skill level 3 in Dodging
  5623 | D:7      | 5623 ||| INVOKING Heroism.
  5660 | D:7      | Noticed a vault sentinel
  5660 | D:7      | Noticed a vault sentinel
  5662 | D:7      | 5662 ||| FLEEEEING.
  5663 | D:7      | 5663 ||| FLEEEEING.
  5664 | D:7      | 5664 ||| FLEEEEING.
  5665 | D:7      | 5665 ||| FLEEEEING.
  5669 | D:7      | 5669 ||| FLEEEEING.
  5673 | D:7      | 5673 ||| FLEEEEING.
  5674 | D:7      | 5674 ||| FLEEEEING.
  5675 | D:7      | 5675 ||| FLEEEEING.
  5676 | D:7      | 5676 ||| STAIRDANCE
  5783 | D:7      | 5783 ||| STAIRDANCE
  5792 | D:6      | 5792 ||| INVOKING Heroism.
  5793 | D:6      | Killed a vault sentinel
  6029 | D:7      | 6029 ||| STAIRDANCE
  6045 | D:6      | Killed a vault sentinel
  6046 | D:6      | Reached XP level 10. HP: 61/64 MP: 13/13
  6271 | D:7      | Reached skill level 11 in Ranged Weapons
  6352 | D:7      | 6352 ||| INVOKING Heroism.
  6451 | D:7      | 6451 ||| INVOKING Heroism.
  6716 | D:7      | Found the +18 shield of the Gong {Loud rN+ Will+ rCorr
                  | EV-5}
  6728 | D:7      | 6728 ||| READING scroll of enchant armour.
  6728 | D:7      | 6728 ||| ENCHANTING +0 pair of boots.
  6729 | D:7      | 6729 ||| READING 3 scrolls of identify.
  6729 | D:7      | 6729 ||| IDENTIFYING fuming coppery potion
  6730 | D:7      | 6730 ||| READING 2 scrolls of identify.
  6730 | D:7      | 6730 ||| IDENTIFYING fuming emerald potion
  6731 | D:7      | 6731 ||| DRINKING potion of experience.
  6731 | D:7      | Reached skill level 14 in Ranged Weapons
  6731 | D:7      | Reached XP level 11. HP: 68/68 MP: 14/14
  6769 | D:8      | 6769 ||| STAIRDANCE
  6773 | D:7      | 6773 ||| INVOKING Heroism.
  6911 | D:8      | 6911 ||| READING scroll of enchant weapon.
  6911 | D:8      | 6911 ||| ENCHANTING +0 arbalest.
  7004 | D:8      | Noticed Pikel
  7006 | D:8      | 7006 ||| INVOKING Heroism.
  7014 | D:8      | Killed Pikel
  7015 | D:8      | Reached skill level 9 in Fighting
  7246 | D:8      | Found Zuhuonten's Armour Shop.
  7254 | D:8      | 7254 ||| BUYING +0 cloak (63 gold).
  7254 | D:8      | Bought a +0 cloak for 63 gold pieces
  7254 | D:8      | 7254 ||| SHOPLISTING +3 leather armour of positive energy
                  | (294 gold, have 189).
  7443 | D:8      | 7443 ||| UPGRADING to +0 cloak.
  7448 | D:8      | 7448 ||| READING scroll labelled RACZOTEUCH.
  7449 | D:8      | 7449 ||| READING scroll labelled EMECSOC HESEA.
  7508 | D:9      | Reached ** piety under Okawaru
  7513 | D:9      | Reached skill level 3 in Armour
  7519 | D:9      | Noticed Maggie
  7522 | D:9      | 7522 ||| INVOKING Heroism.
  7532 | D:9      | Killed Maggie
  7538 | D:9      | 7538 ||| INVOKING Heroism.
  7594 | D:9      | 7594 ||| Stepping ~*~*~tactically~*~*~ (outnumbered).
  7636 | D:9      | 7636 ||| INVOKING Heroism.
  7716 | D:9      | Found a runed translucent gate.
  7717 | D:9      | Found a runed translucent gate.
  7718 | D:9      | Found a runed translucent gate.
  7719 | D:9      | Noticed qw's ghost (journeyman GrFi)
  7776 | D:9      | Noticed Erica
  7777 | D:9      | 7777 ||| INVOKING Heroism.
  7804 | D:9      | Killed Erica
  7842 | D:9      | Noticed Joseph
  7843 | D:9      | 7843 ||| FLEEEEING.
  7844 | D:9      | 7844 ||| FLEEEEING.
  7846 | D:9      | 7846 ||| FLEEEEING.
  7847 | D:9      | 7847 ||| FLEEEEING.
  7848 | D:9      | 7848 ||| FLEEEEING.
  7849 | D:9      | 7849 ||| FLEEEEING.
  7850 | D:9      | 7850 ||| FLEEEEING.
  7851 | D:9      | 7851 ||| FLEEEEING.
  7852 | D:9      | 7852 ||| FLEEEEING.
  7853 | D:9      | 7853 ||| FLEEEEING.
  7857 | D:9      | 7857 ||| FLEEEEING.
  7859 | D:9      | 7859 ||| FLEEEEING.
  7860 | D:9      | 7860 ||| FLEEEEING.
  7861 | D:9      | 7861 ||| FLEEEEING.
  7872 | D:9      | 7872 ||| FLEEEEING.
  7873 | D:9      | 7873 ||| FLEEEEING.
  7874 | D:9      | 7874 ||| FLEEEEING.
  7876 | D:9      | 7876 ||| FLEEEEING.
  7880 | D:9      | 7880 ||| FLEEEEING.
  7881 | D:9      | 7881 ||| FLEEEEING.
  7890 | D:9      | Killed Joseph
  7980 | D:9      | Found an ornate altar of the Wu Jian Council.
  8159 | D:9      | 8159 ||| DROPPING +0 steam dragon scales.
  8171 | D:10     | Entered Level 10 of the Dungeon
  8181 | D:10     | Reached skill level 15 in Ranged Weapons
  8186 | D:10     | Found a staircase to the Lair.
  8194 | D:10     | 8194 ||| INVOKING Heroism.
  8196 | D:10     | HP: 15/72 [komodo dragon (25)]
  8197 | D:10     | 8197 ||| READING 3 scrolls of teleportation.
  8197 | D:10     | HP: 1/72 [acid dragon/splash of acid (11)]
  8200 | D:10     | 8200 ||| READING 2 scrolls of teleportation.
  8313 | D:10     | 8313 ||| INVOKING Heroism.
  8325 | D:10     | HP: 18/72 [yak (12)]
  8326 | D:10     | 8326 ||| READING scroll of teleportation.
  8327 | D:10     | HP: 6/72 [komodo dragon (5)]
  8328 | D:10     | Mangled by a komodo dragon

Levels and vault maps discovered:
D:1:      ncdulo_watergridlock, layout_rooms
D:2:      layout_basic
D:3:      layout_basic, mainiacjoe_overflow_alcove_2, portal_sewer_entry_c,
          serial_shops, shop, uniq_natasha, uniq_crazy_yiuf_cottage,
          uniq_terence
D:4:      layout_basic, minitemple, minmay_temple_entry_purple_smoke,
          serial_shops, shop, hex_medium, uniq_eustachio
D:5:      layout_cave_pools, serial_demonic, serial_demonic_c, serial_demonic_g,
          serial_demonic_c, serial_demonic_b, roderic_nine_men_s_morris
D:6:      cheibrodos_steamvent, layout_loops_ring, uniq_sigmund
D:7:      layout_loops_ring, hellmonk_guarded_unrand_gong, uniq_prince_ribbit1
D:8:      layout_loops_ring, serial_shops, nicolae_shop_stone, uniq_pikel
D:9:      layout_basic, nicolae_wu_jian_wuxing_cycle,
          biasface_ghost_orc_armoury, uniq_erica, uniq_maggie, uniq_joseph
D:10:     layout_cave_pools, lemuel_coloured_pillars_altar, david_lair_shrubbed,
          orc_0_dummy
Temple:   eino_temple_water

Skill      XL: |  1  2  3  4  5  6  7  8  9 10 11 |
---------------+----------------------------------+-----
Ranged Weapons | 3 4 5 6 7 9 10 14 15 | 15.0
Fighting       | 2 3 5 7 8 10 | 10.1
Armour         | 1 2 4 |  4.0
Invocations    | 2 4 |  4.2
Dodging        | 2 3 4 |  4.2
Spellcasting   | |  1.0
Hexes          | |  2.6

Action                     |  1- 3 |  4- 6 |  7- 9 | 10-12 || total
---------------------------+-------+-------+-------+-------++-------
   Fire: Sling             |   131 |    43 |       |       ||   174
         Arbalest          |       |   229 |   310 |   317 ||   856
 Invoke: Heroism           |       |       |    15 |    10 ||    25
    Use: Scroll            |     3 |     7 |     9 |     9 ||    28
         Potion            |       |     1 |     3 |     1 ||     5
 Armour: Robe              |    17 |       |       |       ||    17
         Leather armour    |     6 |     3 |   230 |   115 ||   354
         Ring mail         |       |   237 |     1 |       ||   238
  Dodge: Dodged            |    45 |   214 |   247 |   145 ||   651

Table legend:
 A = Non-vault XP
 B = Vault XP
 C = Vault XP percentage of total XP
 D = Non-vault monster count
 E = Vault monster count
 F = Vault count percentage of total count
                 A         B        C        D         E       F
            +---------+---------+-------+---------+---------+-------
      Total |    7128 |    4516 |  38.8 |     225 |      54 |  19.4
            +---------+---------+-------+---------+---------+-------
        D:1 |      56 |       0 |   0.0 |      28 |       0 |   0.0
        D:2 |      44 |       0 |   0.0 |      18 |       0 |   0.0
        D:3 |      99 |     108 |  52.2 |      18 |       9 |  33.3
        D:4 |     226 |     204 |  47.4 |      16 |       2 |  11.1
        D:5 |     665 |       0 |   0.0 |      30 |       0 |   0.0
        D:6 |     749 |    1512 |  66.9 |      21 |       5 |  19.2
        D:7 |    1864 |     286 |  13.3 |      29 |       1 |   3.3
        D:8 |     766 |     586 |  43.3 |      15 |       1 |   6.2
        D:9 |    1612 |    1634 |  50.3 |      30 |       3 |   9.1
       D:10 |    1047 |       0 |   0.0 |      20 |       0 |   0.0
      Sewer |       0 |     186 | 100.0 |       0 |      33 | 100.0
            +---------+---------+-------+---------+---------+-------
